← All builds
Geo / Armada / Economy first / OBSERVED BUILD

Standard geo

Armada Geo build order · Supreme Isthmus

Standard Geo economy play: fast bot lab and geothermal into advanced geothermal and T2 constructor, then brings Starlights and other T2 units forward to front while supplying allies with constructors.

Usually blows up the commander for T2 (67%)

#eco #t2 #team support · 770 distinct matches · 111 players · 59% of Armada Geo games · team won 55% of 865 · Recently observed

HOW TO PLAY IT

Key timing: Geothermal Powerplant by 3:26

  1. Open mex and wind into Bot Lab.
  2. Rush geothermal for the early energy spike.
  3. Add Advanced Metal Extractor, then Advanced Geothermal by 7:07.
  4. Bring up Vehicle Plant alongside T2 con for "Starlight" and vehicles.
  5. Funnel "Starlight" and T1 vehicles to front, pay allies with cons and "Lazarus".

Phase by phase

TYPICAL OF ITS 770 GAMES
  1. 1
  2. 2
  3. 3
  4. 4
PLAY THE OPENING

Follow the example game's first 6:00 step by step: what to build now, what comes next, and where it goes. At 1× it keeps pace with your own game.

  1. 1

    Up to the Bot Lab

    Economy
    • Metal Extractor2Mex
    • Wind Turbine4Wind
    Order
    1. Bot LabBot Lab after 2 mex, 4 winddone ~1:11, middle half 0:58–1:22

    By 0:55 in all: 2 mex · 4 wind

    The example game in this phase · 3 steps
    1. Mex ×2
    2. Wind ×6
    3. Bot LabBot Labdone 1:09 · typical 1:11
  2. 2

    Bot Lab to 5:00

    Economy
    • Metal Extractor2Mex
    • Wind Turbine3Wind
    • Energy Converter8Converter
    • Energy Storage1Energy storage
    Order
    1. Geothermal PowerplantGeo after 4 mex, 5 wind, 1 energy storage
    Builders
    • Construction Turret5 Con turret
    • Lazarus4 Lazarus
    • Construction Bot2 Con bot
    • Construction Bot1 Con bot for allies
    • Lazarus1 Lazarus for allies

    By 5:00 in all: 4 mex · 7 wind · 1 geo · 8 converter · 1 energy storage · 5 con turret

    The example game in this phase · 21 steps
    1. Wind
    2. Construction BotCon bot
    3. Wind ×2
    4. Construction BotCon botfor Beach sea
    5. LazarusLazarus
    6. Mex
    7. LazarusLazarus ×2
    8. Mex
    9. LazarusLazarusfor Beach sea
    10. LazarusLazarus
    11. Geothermal PowerplantGeodone 2:54 · typical 3:25
    12. Con turret ×3
    13. Converter
    14. Con turret
    15. Converter ×5
    16. Con turret
    17. Converter ×3
    18. Energy storage
    19. Converter ×3
    20. Con turret ×2
    21. Advanced Metal ExtractorT2 mexdone 5:20 · typical 5:34
  3. 3

    5:00 to Vehicle Plant

    Order
    1. Advanced Geothermal PowerplantAdvanced Geothermal Powerplant after 8 wind, 10 converter, 6 con turretin 59% of games
    2. Vehicle PlantVehicle Plant after 10 wind, 10 converter, 6 con turretdone ~7:07, middle half 6:41–7:39
    Builders
    • Construction Turret1 Con turret

    Some games also: converter (49%) · wind (47%)

    By 6:59 in all: 4 mex · 10 wind · 1 geo · 1 Advanced Geothermal Powerplant · 10 converter · 1 energy storage

    The example game in this phase · 4 steps
    1. Advanced Metal ExtractorT2 mex ×2
    2. Advanced Geothermal PowerplantAdvanced Geothermal Powerplantdone 6:27 · typical 7:07
    3. Advanced Metal ExtractorT2 mex
    4. Vehicle PlantVehicle Plantdone 6:32 · typical 7:07
  4. 4

    Vehicle Plant to 10:00

    Economy
    • Wind Turbine5Wind
    • Energy Converter3Converter
    Order
    1. Advanced Vehicle PlantAdvanced Vehicle Plant after 11 wind, 11 converter, 7 con turret
    Builders
    • Construction Vehicle1 Con vehicle
    Army
    • Starlight2 Starlight
    • Umbra1 Jammer
    • Prophet1 Radar vehicle

    Some games also: con turret (49%) · T2 con vehicle for allies (48%) · Jaguar (31%)

    By 10:00 in all: 4 mex · 20 wind · 1 geo · 1 Advanced Geothermal Powerplant · 16 converter · 1 energy storage

    The example game in this phase · 60 steps
    1. Construction VehicleCon vehicle
    2. Advanced Vehicle PlantAdvanced Vehicle Plantdone 7:17 · typical 8:06
    3. Converter ×2
    4. MauserMauser
    5. Converter
    6. MauserMauser
    7. Converter
    8. MauserMauser
    9. Converter
    10. MauserMauser
    11. Converter
    12. JaguarJaguarfor Tech
    13. Converter
    14. JaguarJaguar
    15. Converter
    16. JaguarJaguar
    17. Converter
    18. JaguarJaguar
    19. Converter
    20. JaguarJaguar
    21. Converter
    22. JaguarJaguar
    23. Converter
    24. JaguarJaguar
    25. Converter
    26. JaguarJaguar
    27. Converter ×2
    28. JaguarJaguar
    29. JaguarJaguarfor Tech
    30. Converter ×2
    31. UmbraJammer
    32. StarlightStarlightdone 9:14 · typical 9:02
    33. ProphetRadar vehicle
    34. GremlinStealth tank
    35. Advanced Metal ExtractorT2 mex
    36. StarlightStarlight
    37. ConsulConsul
    38. JaguarJaguar
    39. JaguarJaguarfor Tech
    40. BeamerBeamer
    41. JaguarJaguarfor Tech
    42. JaguarJaguar ×12
    43. ConsulConsul ×5
    44. JaguarJaguar
    45. Radar TowerRadar Tower
    46. JaguarJaguar
    47. BeamerBeamer
    48. JaguarJaguar
    49. BeamerBeamer
    50. AmbassadorAmbassadordone 12:01
    51. BeamerBeamer
    52. AmbassadorAmbassador
    53. ShredderShredder ×3done 12:17
    54. BeholderBeholder
    55. ShredderShredder ×2
    56. AmbassadorAmbassador
    57. RattlesnakeRattlesnakenot finished by 15:00
    58. AmbassadorAmbassador
    59. Con turret
    60. AmbassadorAmbassador

Counts are medians over the build's games: half of them build more, half fewer. The example game is Xad's (41 OS, 02/10/2026); pick another.

Team trades

IN AT LEAST 30% OF ITS GAMES

You hand over

  • Lazarus1 Lazarus to Beach seafirst at 2:16 · in 77% of games
  • Construction Bot1 Con bot to Beach seafirst at 2:29 · in 87% of games
  • Advanced Construction Vehicle1 T2 con vehicle to Suicide front or Frontfirst at 8:51 · in 62% of games

You get

  • Hercules1 Light transport from Airfirst at 4:20 · in 34% of games
  • Advanced Construction Bot1 T2 con bot from Techfirst at 4:48 · in 95% of games

How it plays out

Typical game of this build, running totals by minute

Metal produced

020k40k
0:005:0010:0015:00

metal

Enemy metal destroyed

05k10k15k
0:005:0010:0015:00

metal

Own metal lost

02.5k5k7.5k
0:005:0010:0015:00

metal

865 games.

Show as table
ByMetal produced: This buildEnemy metal destroyed: This buildOwn metal lost: This build
1:0033300
2:0082700
3:00152800
4:00270900
5:00373100
6:00572000
7:00813900
8:0011504021
9:001450351130
10:0017425627320
11:00204072075790
12:002330539821910
13:002610160983295
14:002900184564689
15:0031593103746061
WHAT THE NUMBERS SAY

Standard Geo build dominates the resource numbers, with zero own losses through 10:00 and a huge metal lead by 15:00.

  • + Metal produced hits 31426 by 15:00, highest of all six builds
  • + Own metal lost is 0 by 5:00 and only 334 by 10:00
  • − First Starlight only arrives in 57% of games by 9:19
  • − Advanced geothermal lands in just 69% of games by 7:16
THE EXAMPLE YOU ARE READING

Xad

41.2 OS · 02/10/2026

Open source match ↗

3 received units · includes a constructor
6629 metal received · 67168 energy received

Allied construction assistance is unknown. Timings are observations, not a promise of solo reproducibility.

Typical milestones

Bot Lab1:11Middle 50%: 0:58–1:22 · n=864
Geothermal Powerplant3:25Middle 50%: 3:10–3:42 · n=862
Advanced Metal Extractor5:34Middle 50%: 5:18–5:56 · n=861
Advanced Geothermal Powerplant7:07Middle 50%: 6:49–7:34 · n=624
Vehicle Plant7:07Middle 50%: 6:41–7:39 · n=823
Advanced Vehicle Plant8:06Middle 50%: 7:40–8:47 · n=784
Starlight9:02Middle 50%: 8:32–9:51 · n=687

Played most by

0neTw086games of this buildzeus_on_god86games of this buildViltrum54games of this buildXad46games of this buildDamsko44games of this build